[Event "Julius Baer Generation Cup Prelims 2022"]
[Site "Online"]
[Date "2022.09.14"]
[Round "1.1"]
[White "Saric, Ivan"]
[Black "Giri, Anish"]
[Result "1/2-1/2"]
[ECO "B12"]
[WhiteElo "2668"]
[BlackElo "2764"]
[Annotator "ChessBase"]
[PlyCount "66"]
[EventDate "2022.09.12"]
[EventType "tourn"]
[EventCountry "NET"]
[SourceTitle "playchess.com"]
[Source "ChessBase"]
[SourceQuality "1"]
[TimeControl "900+10"]

1. e4 c6 2. d4 d5 3. e5 Bf5 4. Nf3 e6 5. Be2 Ne7 6. O-O Nd7 7. Nbd2 h6 8. Nb3 g5 9. a4 Bg7 10. c3 O-O 11. h4 g4 12. Ne1 h5 13. Bg5 f6 14. exf6 Bxf6 15. Bxf6 Nxf6 16. g3 Ng6 17. Bd3 Qe7 18. Ng2 Ne4 19. Qc2 Qf7 20. Ne3 Rae8 21. Rae1 Nd6 22. f4 gxf3 23. Nxf5 exf5 24. Rxe8 Qxe8 25. Qf2 f4 26. Qxf3 fxg3 27. Qxg3 Rxf1+ 28. Kxf1 Ne4 29. Bxe4 Qxe4 30. Qb8+ Nf8 31. Qg3+ Ng6 32. Qb8+ Nf8 33. Qg3+ Ng6 1/2-1/2

[Event "Julius Baer Generation Cup Prelims 2022"]
[Site "Online"]
[Date "2022.09.14"]
[Round "4.7"]
[White "Saric, Ivan"]
[Black "Gelfand, Boris"]
[Result "1-0"]
[ECO "B30"]
[WhiteElo "2668"]
[BlackElo "2668"]
[Annotator "ChessBase"]
[PlyCount "53"]
[EventDate "2022.09.12"]
[EventType "tourn"]
[EventCountry "NET"]
[SourceTitle "playchess.com"]
[Source "ChessBase"]
[SourceQuality "1"]
[TimeControl "900+10"]

1. e4 c5 2. Nf3 Nc6 3. Bb5 e6 4. O-O Nge7 5. d4 cxd4 6. Nxd4 Ng6 7. Be2 Be7 8. c4 O-O 9. Nc3 b6 10. Be3 Bb7 11. g3 Nxd4 12. Qxd4 Bf6 13. Qd3 Bxc3 14. bxc3 f5 15. exf5 Ne5 16. Qd6 Rxf5 17. f4 Nf7 18. Qd2 Qc7 19. Rad1 Ng5 20. Bg4 Qxc4 21. Bxf5 exf5 22. fxg5 Qe4 23. Rf4 Qh1+ 24. Kf2 Qxh2+ 25. Ke1 Qxg3+ 26. Qf2 Qh3 27. Rh4 1-0

[Event "Julius Baer Generation Cup Prelims 2022"]
[Site "Online"]
[Date "2022.09.14"]
[Round "6.6"]
[White "Saric, Ivan"]
[Black "Wojtaszek, Radoslaw"]
[Result "1-0"]
[ECO "C84"]
[WhiteElo "2668"]
[BlackElo "2696"]
[Annotator "TA"]
[PlyCount "99"]
[EventDate "2022.09.12"]
[EventType "tourn"]
[EventCountry "NET"]
[SourceTitle "playchess.com"]
[Source "ChessBase"]
[SourceQuality "1"]
[TimeControl "900+10"]

1. e4 e5 2. Nf3 Nc6 3. Bb5 a6 4. Ba4 Nf6 5. O-O Be7 6. d3 d6 7. c4 {[%emt 0:00:34] CPLX 2.2 27 (c2-c3) (=27)} O-O {[%emt 0:00:04] CPLX 2.2 5 (Bc8-g4) (=5). C84: Closed Ruy Lopez: Unusual White 6th moves.} 8. h3 {[%emt 0:00:05] BESTDEEP} Nd7 {[%emt 0:00:01] BESTDEEP} 9. Be3 {[%emt 0:00:02] CPLX 2.2 9 (Nb1-c3) (=12)} Bf6 {[%emt 0:00:08] BESTDEEP. The position is equal.} 10. Nc3 {[%emt 0:00:52] CPLX 2.2} Nd4 {[%emt 0:00:03] CPLX 2.2} 11. Nd5 {[%emt 0:00:27] CPLX 2.7 18 (b2-b4) (=11)} Nc5 {[%emt 0:00:03] CPLX 3.0 7 (a6-a5) (=2)} 12. Bc2 {[%emt 0:00:45] [#] BESTDEEP} a5 $146 {[%emt 0:00:12] BESTDEEP} ({Predecessor:} 12... c6 13. Nxf6+ Qxf6 14. Nxd4 exd4 15. Bd2 Qg6 16. Kh2 f5 17. b4 Nd7 18. f4 Nf6 {1-0 (54) Stevic,H (2618)-Kuljasevic,D (2557) Plitvicka Jezera 2013}) 13. Nxd4 {[%emt 0:00:14] CPLX 3.2 10 (b2-b3) (=9)} exd4 {[%emt 0:00:03] RECAPT} 14. Nxf6+ {[%emt 0:00:09] CPLX 2.8 8 (Be3-d2) (=9)} Qxf6 {[%emt 0:00:02] RECAPT} 15. Bd2 {[%emt 0:00:00] EASY} Qg6 {[%emt 0:00:09] Strongly threatening ...Bxh3. BESTDEEP} 16. Kh2 {[%emt 0:01:08] CPLX 2.9 7 (Qd1-f3) (=8)} f5 {[%emt 0:00:03][%cal Rf5e4] Prevents g4. CPLX 3.1} 17. f3 {[%emt 0:00:00] BESTDEEP} Bd7 {[%emt 0:01:57] CPLX 3.3} 18. Qe1 {[%emt 0:00:13] CPLX 3.3} b5 {[%emt 0:00:50] CPLX 3.0 6 (f5xe4) (=2)} 19. b3 {[%emt 0:01:23] BESTDEEP} bxc4 {[%emt 0:05:53] CPLX 3.2 14 (Qg6-f6) (=2)} 20. bxc4 {[%emt 0:00:00] RECAPT} a4 {[%emt 0:00:02] CPLX 3.1 6 (Bd7-a4) (=3)} 21. Qh4 {[%emt 0:00:08] CPLX 3.1} fxe4 {[%emt 0:01:04] CPLX 3.3 0 (h7-h6) (=3)} 22. fxe4 {[%emt 0:00:06] RECAPT} Rf7 {[%emt 0:00:43] BESTDEEP} 23. Rf2 {[%emt 0:00:47] CPLX 4.0 0 (Rf1xf7) (=5)} Raf8 {[%emt 0:00:25] CPLX 3.7} 24. Raf1 {[%emt 0:00:07] Hoping for Rxf7. CPLX 3.7} Rxf2 {[%emt 0:00:36] CPLX 4.4} 25. Rxf2 {[%emt 0:00:00] RECAPT} Rxf2 {[%emt 0:00:01] RECAPT 15 (Qg6-e8) (=3)} 26. Qxf2 {[%emt 0:00:02] RECAPT} Qf6 {[%emt 0:00:01] CPLX 2.7 9 (Nc5-e6) (=3)} 27. Qxf6 {[%emt 0:01:27] CPLX 3.0} gxf6 $11 {[%emt 0:00:01][%mdl 4096] Endgame KBB-KBN. RECAPT} 28. g4 {[%emt 0:00:58] Against f5. BESTDEEP} Kf7 {[%emt 0:01:32] CPLX 2.0 0 (Nc5-e6) (=3)} 29. Kg3 {[%emt 0:00:04] CPLX 2.0} Ne6 {[%emt 0:00:53] CPLX 2.0 0 (Kf7-g7) (=3)} 30. h4 {[%emt 0:00:30] CPLX 2.0 26 (Bc2-d1) (=4)} c5 {[%emt 0:00:24] CPLX 2.0 3 (Kf7-g6) (=3)} 31. Bd1 {[%emt 0:00:07] CPLX 2.0 3 (g4-g5) (=4)} Ke7 {[%emt 0:01:13] CPLX 2.0 4 (Kf7-g6) (=3)} 32. a3 {[%emt 0:02:27] CPLX 2.0 4 (Bd1-f3) (=4)} Nd8 {[%emt 0:00:11] BESTDEEP} 33. g5 {[%emt 0:00:33] Black must now prevent gxf6+. CPLX 2.0 0 (Bd1-e2) (=4)} Nf7 {[%emt 0:00:04] CPLX 2.1} 34. Bf4 {[%emt 0:00:22] CPLX 2.2 0 (Bd1-h5) (=4)} fxg5 {[%emt 0:01:16] CPLX 2.2 3 (f6-f5) (=3)} 35. Bxg5+ {[%emt 0:01:48] RECAPT 3 (h4xg5) (=4)} Kf8 {[%emt 0:00:53] BESTDEEP} 36. Bf6 {[%emt 0:00:41] CPLX 2.0 0 (Bg5-f4) (=4)} Ne5 {[%emt 0:00:13] EASY} 37. Be2 {[%emt 0:01:49] CPLX 2.0} Kf7 {[%emt 0:00:02] CPLX 2.0} 38. Bg5 {[%emt 0:00:19] CPLX 2.2} Ke6 {[%emt 0:01:02] CPLX 2.0} 39. h5 {[%emt 0:00:22][%cal Bh4h5,Bh5h6][%mdl 32] CPLX 2.0 0 (Bg5-f4) (=3)} Be8 40. Kh4 Bf7 $2 {[%emt 0:00:12] RELBLUND 170 (Be8-d7) (=7)} (40... Bd7 $11 {and Black is okay.}) 41. Bh6 {[%emt 0:00:25] CPLX 2.0 56 (Bg5-f4) (=5)} ({White should try} 41. Bf4 $18) 41... Be8 $2 {[%emt 0:00:09][%mdl 8192] [#] A mistake that costs the game. RELBLUND 269 (Ke6-f6) (=15)} (41... Kf6 $16 {keeps fighting.}) 42. Bg7 $1 $18 {[%emt 0:00:07] DEEPSTRONG=>BLUNDERREACT} Nc6 {[%emt 0:01:01] [#] BESTDEEP} 43. Kg5 $1 {[%emt 0:00:13] DEEPSTRONG} Kf7 {[%emt 0:00:09] CPLX 2.0 0 (Nc6-b4) (=14)} 44. h6 {[%emt 0:00:45] CPLX 2.0 92 (Kg5-h6) (=7)} Ke7 $2 {[%emt 0:00:15] MISSDEEP-Nc6-b4 275 (Nc6-b4) (=21)} (44... Nb4 45. e5 (45. axb4 $2 a3 $19) 45... dxe5) 45. Bg4 {[%emt 0:00:14] And now Bf5 would win. CPLX 2.0. White is clearly winning.} Bg6 {[%emt 0:00:09][%cal Oc6b4] BESTDEEP} 46. Bd1 {[%emt 0:00:15] CPLX 2.0 35 (Bg7-f6) (=8)} Ke6 {[%emt 0:00:19] BESTDEEP} 47. Bxa4 {[%emt 0:00:08] CPLX 2.1} Nd8 {[%emt 0:00:10] BESTDEEP} 48. Bd1 {[%emt 0:00:10] CPLX 2.1} Nf7+ {[%emt 0:00:06] CPLX 2.0 176 (Ke6-f7) (=23)} (48... Kf7 {might work better.} 49. a4 Nc6) 49. Kf4 {[%emt 0:00:00] CPLX 2.0=>BLUNDERREACT} Ke7 {[%emt 0:00:18] CPLX 2.1 0 (Nf7-d8) (=23)} 50. a4 {[%emt 0:00:05] Weighted Error Value: White=0.06 (flawless) /Black=0.28 (precise)} 1-0

[Event "Julius Baer Generation Cup Prelims 2022"]
[Site "Online"]
[Date "2022.09.14"]
[Round "8.5"]
[White "Saric, Ivan"]
[Black "Erigaisi Arjun"]
[Result "1/2-1/2"]
[ECO "B45"]
[WhiteElo "2668"]
[BlackElo "2725"]
[Annotator "TA"]
[PlyCount "75"]
[EventDate "2022.09.12"]
[EventType "tourn"]
[EventCountry "NET"]
[SourceTitle "playchess.com"]
[Source "ChessBase"]
[SourceQuality "1"]
[TimeControl "900+10"]

1. e4 c5 2. Nf3 e6 3. d4 cxd4 4. Nxd4 Nf6 5. Nc3 Nc6 6. Nxc6 bxc6 7. e5 Nd5 8. Ne4 Qc7 9. f4 Qb6 10. c4 Bb4+ 11. Ke2 f5 12. Nf2 {[%emt 0:00:16] CPLX 5.2 19 (e5xf6) (=19)} (12. exf6 $5 Nxf6 13. Be3 $14) 12... Ne7 {[%emt 0:00:01] RELBLUND 51 (Bc8-a6) (=51). B45: Sicilian Four Knights.} ({Black should play} 12... Ba6 $11) 13. Nd3 $14 {[%emt 0:01:48] Threatens to win with Be3. BESTDEEP} Bc5 {[%emt 0:00:01] [#] Against Be3. CPLX 3.5 75 (d7-d5) (=63)} (13... d5 $1 $14) 14. Qb3 $5 $146 {[%emt 0:00:19][%mdl 8] RELBLUND 129 (Nd3xc5) (=49) An interesting novelty.} (14. Nxc5 $16 Qxc5 15. b3) ({Predecessor:} 14. Nxc5 Qxc5 15. b3 Qb6 16. Qd6 c5 17. Ba3 Ng6 18. Bxc5 Nxf4+ 19. Ke3 Qxd6 20. Bxd6 {1-0 (38) Navara,D (2724)-Vocaturo,D (2615) Prague 2019}) 14... Bd4 $11 {[%emt 0:00:24] CPLX 3.3=>BLUNDERREACT} 15. Qxb6 {[%emt 0:00:23] CPLX 3.4 28 (g2-g3) (=44)} (15. g3 {keeps more tension.} Bb7 16. Bg2 Rb8 17. Qxb6 axb6 18. Be3) 15... axb6 {[%emt 0:00:00] RECAPT} 16. Be3 {[%emt 0:00:01] EASY} Bxe3 {[%emt 0:00:10] CPLX 2.5} 17. Kxe3 {[%emt 0:00:00] RECAPT} c5 {[%emt 0:00:00] CPLX 2.0 7 (Bc8-b7) (=22)} 18. a3 {[%emt 0:00:14] CPLX 2.1 26 (Bf1-e2) (=29)} Nc6 {[%emt 0:00:09] CPLX 2.1 26 (Bc8-a6) (=23)} 19. Be2 {[%emt 0:00:08] CPLX 2.1} Nd4 {[%emt 0:00:03] Strongly threatening ...Nc2+. BESTDEEP} 20. Bd1 {[%emt 0:00:12] Against Nc2+. BESTDEEP} Bb7 {[%emt 0:00:08] [#] RELBLUND 98 (Ke8-e7) (=29)} (20... Ke7 $11 {remains equal.}) 21. b4 $1 $16 {[%emt 0:00:23] DEEPSTRONG=>BLUNDERREACT} Rc8 {[%emt 0:00:45] CPLX 3.1 50 (d7-d6) (=31)} (21... Bxg2 $2 22. Rg1 Be4 23. bxc5 $16) (21... d6 $142) 22. bxc5 {[%emt 0:00:07] CPLX 3.0} bxc5 {[%emt 0:00:00] [#] RECAPT} 23. Nxc5 $1 {[%emt 0:00:19][%mdl 512] RECAPT} Rxc5 {[%emt 0:00:00] RECAPT} (23... Bxg2 $2 24. Rg1 $18) 24. Kxd4 {[%emt 0:00:01] CPLX 3.1} Rc7 {[%emt 0:00:15] CPLX 2.5} 25. Bf3 {[%emt 0:00:20] CPLX 2.3 43 (a3-a4) (=18)} Bxf3 {[%emt 0:00:08] CPLX 2.4} 26. gxf3 {[%emt 0:00:00][%mdl 4096] Endgame KRR-KRR. RECAPT} Ke7 {[%emt 0:00:00] CPLX 2.0} 27. c5 {[%emt 0:01:07] CPLX 2.2 98 (a3-a4) (=21)} (27. a4 $16) 27... Ra8 $11 {[%emt 0:00:15] CPLX 2.2. The position is equal.} 28. Rhc1 {[%emt 0:00:25] BESTDEEP} Rca7 {[%emt 0:00:02] EASY} 29. c6 {[%emt 0:01:24] CPLX 2.3} dxc6 {[%emt 0:00:24] CPLX 2.5 0 (Ra7-a4) (=17)} 30. Rxc6 {[%emt 0:00:00] RECAPT} Rxa3 {[%emt 0:00:10] BESTDEEP} 31. Rc7+ {[%emt 0:00:15] CPLX 2.5 0 (Ra1xa3) (=17)} Kf8 {[%emt 0:00:02] EASY} 32. Rc8+ {[%emt 0:00:29] CPLX 2.4 0 (Ra1xa3) (=16)} Rxc8 {[%emt 0:00:02] EASY} 33. Rxa3 {[%emt 0:00:01] KR-KR. EASY} Rc2 {[%emt 0:00:36] CPLX 2.0} 34. Ra8+ {[%emt 0:00:16] CPLX 2.0 0 (Ra3-a6) (=15)} Kf7 {[%emt 0:00:00] CPLX 2.0 0 (Kf8-e7) (=13)} 35. Ra7+ {[%emt 0:00:01] CPLX 2.0 0 (h2-h3) (=14)} Kf8 {[%emt 0:00:01] BESTDEEP} 36. Ra8+ {[%emt 0:00:01] CPLX 2.0 0 (h2-h3) (=14)} Kf7 {[%emt 0:00:01] CPLX 2.0 0 (Kf8-e7) (=12)} 37. Ra7+ {[%emt 0:00:00] CPLX 2.0 0 (h2-h3) (=13)} Kf8 {[%emt 0:00:00] BESTDEEP} 38. Ra8+ {[%emt 0:00:01] Weighted Error Value: White=0.18 (very precise) /Black=0.18 (very precise)} 1/2-1/2

[Event "Julius Baer Generation Cup Prelims 2022"]
[Site "Online"]
[Date "2022.09.14"]
[Round "10.4"]
[White "Saric, Ivan"]
[Black "Adhiban, B.."]
[Result "0-1"]
[ECO "B32"]
[WhiteElo "2668"]
[BlackElo "2603"]
[Annotator "TA"]
[PlyCount "84"]
[EventDate "2022.09.12"]
[EventType "tourn"]
[EventCountry "NET"]
[SourceTitle "playchess.com"]
[Source "ChessBase"]
[SourceQuality "1"]
[TimeControl "900+10"]

1. e4 c5 2. Nf3 Nc6 3. d4 cxd4 4. Nxd4 e5 5. Nb5 d6 6. N1c3 a6 7. Na3 Be6 8. Nc4 {[%emt 0:00:05] CPLX 2.1} Rb8 {[%emt 0:00:03] CPLX 2.5 12 (b7-b5) (=12) is the new trend. B32: Sicilian: Löwenthal and Kalashnikov Variations.} 9. Bd3 {[%emt 0:00:45] CPLX 2.5 17 (g2-g3) (=9)} Nf6 {[%emt 0:03:16] CPLX 2.4} 10. Bg5 {[%emt 0:00:08][%cal Oc3d5] CPLX 2.4 7 (0-0) (=8)} Be7 {[%emt 0:00:01] DEEPSTRONG. The position is equal.} 11. O-O {[%emt 0:00:12] CPLX 2.7} O-O {[%emt 0:00:03] CPLX 2.7 0 (Rb8-c8) (=3)} 12. Bxf6 {[%emt 0:00:14] CPLX 2.7 4 (Nc4-e3) (=6)} Bxf6 {[%emt 0:00:02] RECAPT} 13. Ne3 {[%emt 0:00:12] BESTDEEP} Bg5 {[%emt 0:01:49] BESTDEEP} 14. Ncd5 {[%emt 0:00:10][%cal Bc3d5,Bd5e3,Be3c4][%mdl 32] CPLX 2.2} Ne7 {[%emt 0:00:47] BESTDEEP} 15. Bc4 {[%emt 0:00:31] [#] BESTDEEP} Bxe3 $146 {[%emt 0:01:49] CPLX 2.7 22 (Ne7xd5) (=4)} ({Predecessor:} 15... Nxd5 16. Nxd5 Qa5 17. g3 Qc5 18. Bb3 Rbe8 {½-½ (53) Pott,B (1781)-Vysotskiy,E (1809) LSS email 2014}) 16. Nxe3 {[%emt 0:00:03] RECAPT} Bxc4 {[%emt 0:00:01] BESTDEEP} 17. Nxc4 {[%emt 0:00:00] RECAPT} Rc8 {[%emt 0:00:06] CPLX 2.1 24 (b7-b5) (=6)} (17... b5 $5 18. Ne3 (18. Nxd6 Qb6 $11) 18... Qd7 $11) 18. b3 {[%emt 0:00:57] CPLX 2.4 12 (Nc4-e3) (=4)} ({Much weaker is} 18. Nxd6 Rc6 19. Nf5 (19. Nxb7 $2 Qc7 $19) 19... Nxf5 20. exf5 Qxd1 21. Rfxd1 Rxc2 $15) 18... d5 {[%emt 0:00:58] EASY} 19. exd5 {[%emt 0:00:59] CPLX 2.5} Qxd5 {[%emt 0:00:06] RECAPT 9 (Ne7xd5) (=6)} 20. Qe2 {[%emt 0:00:25] And now Nb6 would win. CPLX 2.6 20 (Qd1xd5) (=5)} Qe6 {[%emt 0:01:45] Prevents Nb6. BESTDEEP} 21. Rad1 {[%emt 0:01:42] CPLX 2.2} Ng6 {[%emt 0:00:38] RELBLUND 61 (Ne7-f5) (=9)} (21... Nf5 $11) 22. g3 {[%emt 0:00:45] CPLX 2.3 61 (Rd1-d6) (=8)} (22. Rd6 $1 $14 Qe7 23. Rfd1) 22... b5 $11 {[%emt 0:00:10] BESTDEEP} 23. Ne3 {[%emt 0:00:55] BESTDEEP} e4 {[%emt 0:00:55] CPLX 2.0 0 (f7-f5) (=8)} 24. Qd2 {[%emt 0:04:14] BESTDEEP} f5 {[%emt 0:02:10][%cal Bf7f5,Bf5f4][%mdl 32] BESTDEEP} 25. Qd6 {[%emt 0:00:29] CPLX 2.1} (25. c4 {is interesting.} Ne5 26. Qd5 Rce8 27. cxb5 axb5 28. a4) 25... Rc6 {[%emt 0:00:08] CPLX 3.1 0 (Qe6xd6) (=7)} 26. Qxe6+ {[%emt 0:00:03] CPLX 3.0} Rxe6 {[%emt 0:00:00] RECAPT} 27. Kg2 {[%emt 0:02:35] BESTDEEP} Ne5 {[%emt 0:00:19] CPLX 2.0 0 (f5-f4) (=6)} 28. Rd5 {[%emt 0:01:17] CPLX 2.0} g5 {[%emt 0:00:11] BESTDEEP} 29. Rfd1 {[%emt 0:00:31] RELBLUND 90 (c2-c4) (=10)} (29. c4 $11 {remains equal.}) 29... f4 $17 {[%emt 0:00:05] CPLX 2.1=>BLUNDERREACT} 30. Nf1 {[%emt 0:00:16] BESTDEEP} h6 {[%emt 0:00:43] Black is more active. CPLX 2.3 32 (Rf8-c8) (=7)} (30... Rc8 $5 31. c4 bxc4 32. bxc4 Rxc4 $17) 31. Rd6 {[%emt 0:00:06] CPLX 2.3 55 (Rd1-e1) (=11)} (31. Re1 $11) 31... Rff6 {[%emt 0:00:03] CPLX 2.6 25 (Kg8-f7) (=8)} 32. Rxe6 {[%emt 0:00:01] CPLX 2.4 25 (Rd6-d5) (=12)} Rxe6 $15 {[%emt 0:00:00][%mdl 4096] Endgame KRN-KRN. RECAPT} 33. Rd4 {[%emt 0:00:19] [#] This move loses the game for White. CPLX 2.0 134 (a2-a4) (=16)} (33. a4 $17) 33... Nf3 $1 $19 {[%emt 0:00:13] DEEPSTRONG=>BLUNDERREACT} 34. Rd8+ {[%emt 0:00:02] [#] CPLX 2.3} Kf7 $1 {[%emt 0:00:05] CPLX 2.1} 35. c4 {[%emt 0:00:55] CPLX 2.2 150 (Rd8-d7) (=21)} (35. Rd7+ $142 Kg6 36. gxf4 gxf4 37. c4) 35... bxc4 {[%emt 0:00:02] CPLX 2.3} 36. bxc4 {[%emt 0:00:00] [#] RECAPT} e3 $1 {[%emt 0:01:20] BESTDEEP} 37. fxe3 {[%emt 0:01:01] [#] BESTDEEP} ({Wrong is} 37. Kxf3 $2 e2 38. Ne3 e1=Q $19) 37... fxe3 $1 {[%emt 0:00:00] RECAPT} 38. Nxe3 {[%emt 0:00:16] RECAPT} (38. Kxf3 {leads to mate.} e2 39. Ne3 e1=Q 40. Rd7+ Kg6 41. Rd3 g4+ 42. Kg2 Qe2+ 43. Kh1 Qxd3 44. h4 Rxe3 45. h5+ Kxh5 46. Kg1 Re2 47. Kh1 Qd1#) 38... Rxe3 {[%emt 0:00:00] KRN-KR. RECAPT} 39. Rd6 {[%emt 0:00:05] CPLX 2.2 200 (Rd8-d7) (=24)} (39. Rd7+ {is a better defense.} Ke6 40. Rh7) 39... g4 {[%emt 0:00:13] BESTDEEP. Black is clearly winning.} 40. Kf2 {[%emt 0:00:15] CPLX 2.4 42 (h2-h4) (=25)} Re6 {[%emt 0:00:33] BESTDEEP} 41. Rd7+ {[%emt 0:00:01] BESTDEEP} Kg6 {[%emt 0:00:11] CPLX 2.3} 42. c5 {[%emt 0:00:15] CPLX 2.5 0 (h2-h4) (=23)} Ng5 {[%emt 0:00:31] Weighted Error Value: White=0.24 (precise) /Black=0.06 (flawless)} 0-1

[Event "Julius Baer Generation Cup Prelims 2022"]
[Site "Online"]
[Date "2022.09.14"]
[Round "12.3"]
[White "Saric, Ivan"]
[Black "Navara, David"]
[Result "0-1"]
[ECO "B12"]
[WhiteElo "2668"]
[BlackElo "2681"]
[Annotator "TA"]
[PlyCount "92"]
[EventDate "2022.09.12"]
[EventType "tourn"]
[EventCountry "NET"]
[SourceTitle "playchess.com"]
[Source "ChessBase"]
[SourceQuality "1"]
[TimeControl "900+10"]

1. e4 c6 2. d4 d5 3. e5 c5 4. Nf3 cxd4 5. Qxd4 Nc6 {[%emt 0:00:16][%cal Bb8c6,Bc6b4,Bb4d3][%mdl 32] EASY} 6. Qf4 {[%emt 0:00:02] BESTDEEP. B12: Caro-Kann: Advance Variation.} e6 {[%emt 0:00:02] BESTDEEP} 7. Bd3 {[%emt 0:00:04] CPLX 2.5 4 (Nb1-c3) (=2)} Nb4 {[%emt 0:00:15] BESTDEEP} 8. Nc3 {[%emt 0:00:03] CPLX 2.8. The position is equal.} Nxd3+ 9. cxd3 {[%emt 0:00:00] RECAPT} Ne7 {[%emt 0:02:09] BESTDEEP} 10. h4 {[%emt 0:00:04] CPLX 2.9 0 (Nf3-g5) (=1)} h5 {[%emt 0:00:52] [#] BESTDEEP} 11. Ne2 $146 {[%emt 0:00:29] BESTDEEP} (11. Ng5 Nf5 $15) ({Predecessor:} 11. Bd2 Qb6 12. O-O Bd7 13. a4 Nf5 14. Ne2 Qa6 15. Rfc1 Qxd3 16. Ned4 Be7 17. Rc7 Nxh4 18. Nxh4 {½-½ (29) Verheij,W-Korn,C ICCF email 2020}) 11... Nf5 {[%emt 0:00:56] CPLX 2.5 44 (Ne7-g6) (=6)} 12. Ng3 {[%emt 0:00:32] DEEPSTRONG} Nxg3 {[%emt 0:01:26] BESTDEEP} 13. fxg3 {[%emt 0:00:42] RECAPT 22 (Qf4xg3) (=3)} (13. Qxg3 $5 Qd7 14. O-O $11) 13... Qb6 {[%emt 0:00:03] BESTDEEP} 14. Bd2 {[%emt 0:01:32] Ng5 is the strong threat. CPLX 3.0} Be7 {[%emt 0:00:22] BESTDEEP} 15. g4 {[%emt 0:00:51] BESTDEEP} Bd7 {[%emt 0:00:41][%cal Bc8d7,Bd7b5,Bb5e8,Be8c6][%mdl 32] DEEPSTRONG} 16. Rc1 {[%emt 0:01:49] BESTDEEP} Bb5 {[%emt 0:01:22] CPLX 3.1 43 (Ra8-c8) (=7)} 17. Rc3 {[%emt 0:01:56] CPLX 3.3 0 (Ke1-e2) (=2)} Qa6 {[%emt 0:02:28] CPLX 3.3 36 (Bb5-c6) (=9)} 18. Rc7 {[%emt 0:01:32] MISSDEEP-Ke1-e2 48 (Ke1-e2) (=6)} (18. Ke2 $1 $16) 18... Qb6 {[%emt 0:01:34] [#] CPLX 3.9 0 (Bb5-d7) (=9)} 19. Rxe7+ {[%emt 0:00:41] EASY} Kxe7 {[%emt 0:00:00] RECAPT} 20. Bb4+ {[%emt 0:00:07] RELBLUND 77 (Bd2-e3) (=10)} (20. Ng5 Be8 21. Be3 d4 22. Bxd4 Qb4+ 23. Kf2 Rc8 $15) ({White should try} 20. Be3 $14 Qa5+ 21. Bd2) 20... Kd8 {[%emt 0:00:22] CPLX 5.0 36 (Ke7-e8) (=10)} (20... Ke8 $5 21. Qg5 Kd7 22. Qe7+ Kc8 $15) 21. Ng5 {[%emt 0:02:05] MISSDEEP-Ke1-e2 116 (Ke1-e2) (=17)} (21. Ke2 $1 $11 {keeps the balance.}) 21... Be8 $17 {[%emt 0:00:02] EASY} (21... Bxd3 $6 22. Nxf7+ Kd7 23. Nxh8 Rxh8 24. gxh5 $11) 22. Kd2 {[%emt 0:00:07] CPLX 4.4 3 (Rh1-f1) (=16)} Rc8 {[%emt 0:01:23] CPLX 5.2} 23. gxh5 {[%emt 0:02:46] CPLX 6.3 91 (Bb4-c3) (=20)} (23. Bc3 $17 {is a better defense.}) 23... d4 $1 $19 {[%emt 0:01:30] DEEPSTRONG=>BLUNDERREACT} (23... Qc7 $2 24. Nxe6+ $1 fxe6 25. Qg5+ Kd7 26. Qxg7+ Kc6 27. Rc1+ (27. Qxh8 Kb5 $14) 27... Kb6 28. Rxc7 $18) 24. Ba3 {[%emt 0:01:21] BESTDEEP} Qa5+ {[%emt 0:00:17] CPLX 6.2} (24... Rxh5 25. g4 Qa5+ 26. Kd1 Qa4+ 27. Ke1) 25. Ke2 $2 {[%emt 0:00:12] CPLX 6.9 187 (Kd2-d1) (=27)} (25. Kd1 Qa4+ 26. Ke1) 25... Rc2+ {[%emt 0:01:47] CPLX 6.2} 26. Kf3 {[%emt 0:01:08] CPLX 6.0} Bc6+ {[%emt 0:00:23] CPLX 6.6} 27. Ne4 $2 {[%emt 0:00:06] CPLX 6.7 331 (Kf3-g3) (=40)} (27. Kg3 Rxg2+ 28. Kh3) 27... Rxh5 {[%emt 0:00:01] CPLX 6.2} 28. g4 {[%emt 0:00:14] [#] Prevents Rf5. RELBLUND 400 (Kf3-g3) (=56)} Rxe5 $2 {[%emt 0:01:09] RELBLUND 400 (Qa5-b5) (=23)} (28... Qb5 $1 {mates} 29. Rd1 g5 30. Qd2 Rxd2 31. Rxd2 Bxe4+ 32. Kf2 Rxh4 33. Bd6 Rh2+ 34. Ke1 Rxd2 35. Kxd2 Qxb2+ 36. Ke1 Bxd3 37. Be7+ Kxe7 38. Kd1 Qe2+ 39. Kc1 Qc2#) 29. Qxf7 {[%emt 0:00:04] EASY} Rxe4 $2 {[%emt 0:00:18] MISSDEEP-Qa5-b5 354 (Qa5-b5) (=37)} 30. Qf8+ $11 {[%emt 0:00:29] EASY} Kc7 {[%emt 0:00:05] EASY} 31. Qd6+ {[%emt 0:00:10] CPLX 7.1} Kb6 {[%emt 0:00:16] ( -> ...Re3+). MISS-Kc7-c8 0 (Kc7-c8) (=34)} 32. dxe4 {[%emt 0:00:00] BESTDEEP} Qd2 $40 {[%emt 0:00:05][%csl Gd4][%cal Rd2e3][%mdl 128] Black mounts an attack. The board is on fire. EASY} 33. Qb4+ {[%emt 0:00:16] EASY} Qxb4 {[%emt 0:00:01] EASY} 34. Bxb4 {[%emt 0:00:00] RECAPT} Rxb2 {[%emt 0:00:01][%mdl 4096] Endgame KRB-KRB. EASY} 35. Bf8 {[%emt 0:00:06] CPLX 2.8} d3 {[%emt 0:00:19] Strongly threatening ...Re2. CPLX 2.6 0 (Rb2xa2) (=29)} 36. Bxg7 {[%emt 0:00:08] CPLX 2.8 16 (Rh1-d1) (=42)} Re2 {[%emt 0:00:01] RELBLUND 82 (Rb2-b4) (=31)} (36... Rb4 $11 37. Rd1 Bxe4+ 38. Ke3 Bh7) 37. Rb1+ $2 {[%emt 0:00:11] RELBLUND 208 (Bg7-d4) (=47)} (37. Bd4+ $1 $14 {was the only good move.} Kc7 38. Be3 Rxa2 39. Bf4+ Kd7 40. Rd1) 37... Kc5 $17 {[%emt 0:00:13] Black is more active. EASY} 38. Rc1+ {[%emt 0:00:43] CPLX 3.4} Kd6 {[%emt 0:00:06] CPLX 3.3} 39. Rd1 $2 {[%emt 0:00:07] This costs White the game. CPLX 3.6 198 (Bg7-f8) (=50)} (39. Bf8+ $17 {only move.} Kd7 40. Bb4) 39... Bxe4+ $19 {[%emt 0:00:02] EASY} 40. Kf4 {[%emt 0:00:01] CPLX 2.9 83 (Kf3-g3) (=51)} Kd5 {[%emt 0:00:16] CPLX 2.8} 41. h5 {[%emt 0:00:02] MISSDEEP-Bg7-c3 164 (Bg7-c3) (=54)} (41. Bc3 $142 e5+ 42. Kg5 (42. Bxe5 $2 Rf2+ 43. Ke3 Rf3+ 44. Kd2 Kxe5 $19)) 41... e5+ {[%emt 0:00:12] BESTDEEP. Black is clearly winning.} 42. Kg3 {[%emt 0:00:15] DEEPSTRONG} Rxa2 {[%emt 0:00:15] White must now prevent ...b5. CPLX 3.0} 43. g5 {[%emt 0:00:20] CPLX 2.9 400 (Bg7-h6) (=62)} Rg2+ {[%emt 0:00:02] CPLX 3.0=>BLUNDERREACT} 44. Kh4 {[%emt 0:00:00] MISSDEEP-Kg3-h3 400 (Kg3-h3) (=70)} d2 {[%emt 0:00:24] And now ...Bf5 would win. CPLX 2.8=>BLUNDERREACT} 45. g6 {[%emt 0:00:28] BESTDEEP} Bc2 {[%emt 0:00:08] DEEPSTRONG} 46. Rxd2+ {[%emt 0:00:13] BESTDEEP} Rxd2 {[%emt 0:00:00] Weighted Error Value: White=0.84/Black=0.25 (precise)} 0-1